 Dungeon Crawl Stone Soup version 0.23.2-1-ga50397a (webtiles) character file.

Game seed: 12509597175255531507

813 teukkam the Covered (level 7, -1/63 HPs)
             Began as a Minotaur Fighter on Apr 18, 2019.
             Was a Follower of Fedhas.
             Slain by an ice beast (11 damage)
             ... on level 6 of the Dungeon.
             The game lasted 00:12:53 (2994 turns).

teukkam the Covered (Minotaur Fighter)              Turns: 2994, Time: 00:12:55

Health: -1/63      AC:  6    Str: 22 (23) XL:     7   Next: 61%
Magic:  6/6        EV:  9    Int:  5      God:    Fedhas [*.....]
Gold:   148        SH: 10    Dex: 10 (12) Spells: 6/6 levels left

rFire    . . .     SeeInvis .   a - +1 war axe
rCold    . . .     Gourm    .   c - +0 shield
rNeg     . . .     Faith    .   v - +3 leather armour {rPois}
rPois    +         Spirit   .   (helmet restricted)
rElec    .         Reflect  .   (no cloak)
rCorr    .         Harm     .   (no gloves)
MR       .....                  (no boots)
Stlth    +.........             (no amulet)
HPRegen  0.20/turn              d - ring of poison resistance
MPRegen  0.10/turn              s - +3 ring of dexterity

@: very slightly contaminated
A: retaliatory headbutt, horns 2
a: Fungal Bloom, Sunlight, Renounce Religion


You were on level 6 of the Dungeon.
You worshipped Fedhas.
Fedhas was aware of your devotion.
You were not hungry.

You visited 1 branch of the dungeon, and saw 6 of its levels.

You collected 148 gold pieces.

Inventory:

Hand Weapons
 a - a +1 war axe (weapon)
 l - a +2 flail of crushing
 r - a +1 quarterstaff of crushing
Missiles
 o - 7 poisoned needles
 t - 11 bolts
 u - 33 stones (quivered)
Armour
 b - a +0 scale mail
 c - a +0 shield (worn)
 v - a +3 leather armour of poison resistance (worn)
Jewellery
 d - a ring of poison resistance (left hand)
 s - a +3 ring of dexterity (right hand)
Scrolls
 e - 5 scrolls of identify
 g - a scroll of remove curse
 h - a scroll of magic mapping
 m - 2 scrolls of immolation
Potions
 k - 2 potions of curing
Comestibles
 f - a ration


   Skills:
 + Level 6.2 Fighting
 + Level 5.6 Axes
 + Level 6.3 Armour
 + Level 6.2 Shields


You had 6 spell levels left.
You didn't know any spells.
Your spell library contained the following spells:

 Spells                   Type           Power        Failure   Level  Hunger
 Animate Skeleton         Necr           N/A          88%         1    ##.....
 Apportation              Tloc           #.....       88%         1    ##.....
 Confusing Touch          Hex            #.....       88%         1    ##.....
 Magic Dart               Conj           #...         88%         1    ##.....
 Summon Small Mammal      Summ           #...         88%         1    ##.....
 Blink                    Tloc           N/A          96%         2    ###....
 Call Imp                 Summ           #.......     96%         2    ###....
 Slow                     Hex            #.......     96%         2    ###....
 Conjure Flame            Conj/Fire      #.......     99%         3    ####...
 Mephitic Cloud           Conj/Pois/Air  #.......     99%         3    ####...


Dungeon Overview and Level Annotations

Branches:
Dungeon (6/15)
 Temple: D:4-7

Altars:
Dithmenos
Elyvilon
Fedhas
Hepliaklqana
Qazlal
Sif Muna
Yredelemnul
Zin

Shops:
D:5 !(=

Annotations:
D:4 3 runed translucent doors, Dowan; Duvessa; yogakurto's ghost, amateur GnAM
D:5 2 transporters, Sigmund


Innate Abilities, Weirdness & Mutations

You reflexively headbutt those who attack you in melee.
You have a pair of horns on your head.


Message History

Nothing appears to happen.
The orc hits you with a +0 whip.
* * * LOW HITPOINT WARNING * * *
You barely miss the orc. Your headbutt misses the orc.
The orc is lightly wounded.
You block the orc's attack.
You hit the orc but do no damage.
The orc is lightly wounded.
The orc closely misses you. You furiously retaliate!
You headbutt the orc!
You kill the orc!
You feel your strength returning.
You closely miss the ice beast. Your headbutt misses the ice beast.
You block the ice beast's attack.
Found 15 gold pieces.
You slash the ice beast! Your headbutt misses the ice beast.
The ice beast is moderately wounded.
The ice beast hits you.
* * * LOW HITPOINT WARNING * * *
The ice beast freezes you!
You die...
Fedhas appreciates your contribution to the ecosystem.

* #.....or...#* *,*,*
* ##.###.....# *,*,* *
#.......$.#######,*,*
*
#.#######........,,,*
* #.# #o#......,***
*********#.#
#o#>#####**
,,,,,,,,,..# #.#,*
,********#.#######r#,*
,*****,,,$......@Y.#,*
,,,,,,,**#.#########,*
*,,******,,,** *,*
,*,,,,,*,,*,,*******,*
*,,***,,,***,,,,,,,,,*
,,,*****,,*,,*********
,,,,,,,,,,,,**
*************


You could see an ice beast and a quokka.

Vanquished Creatures
  Eustachio (D:5)
  2 ogres (D:4)
  Blork the orc (D:4)
  A bullfrog (D:6)
  A scorpion (D:5)
  A howler monkey (D:6)
  An orc wizard (D:6)
  A hound (D:4)
  Terence (D:2)
  An iguana (D:5)
  2 worker ants (D:5)
  5 adders
  2 oozes
  A worm (D:2)
  2 dart slugs
  5 leopard geckos
  5 orcs
  8 bats
  3 giant cockroaches
  7 goblins
  7 hobgoblins
  13 jackals
  A quokka (D:5)
  A ball python (D:1)
  2 frilled lizards (D:2)
  A giant cockroach zombie (D:5)
  A jackal skeleton (D:4)
  6 kobolds
  6 rats
89 creatures vanquished.

Vanquished Creatures (others)
  34 toadstools
34 creatures vanquished.

Grand Total: 123 creatures vanquished

Notes
Turn   | Place    | Note
-------+----------+-------------------------------------------
     0 | D:1      | teukkam the Minotaur Fighter began the quest for the Orb.
     0 | D:1      | Reached XP level 1. HP: 19/19 MP: 0/0
   209 | D:1      | Reached XP level 2. HP: 27/27 MP: 1/1
   447 | D:2      | Reached XP level 3. HP: 29/33 MP: 2/2
   621 | D:2      | Noticed Terence
   633 | D:2      | Killed Terence
   673 | D:2      | Found a white marble altar of Elyvilon.
   681 | D:2      | Reached XP level 4. HP: 40/40 MP: 3/3
   816 | D:4      | Noticed Duvessa
   816 | D:4      | Noticed Dowan
  1014 | D:4      | Noticed Blork the orc
  1024 | D:4      | Killed Blork the orc
  1024 | D:4      | Reached XP level 5. HP: 40/47 MP: 4/4
  1047 | D:4      | Noticed an ogre
  1048 | D:4      | Noticed an ogre
  1051 | D:4      | Killed an ogre
  1051 | D:4      | Reached skill level 5 in Fighting
  1051 | D:4      | Reached skill level 5 in Armour
  1051 | D:4      | Reached skill level 5 in Shields
  1051 | D:4      | Reached XP level 6. HP: 36/56 MP: 5/5
  1099 | D:4      | Found a stormy altar of Qazlal.
  1131 | D:4      | Found a runed translucent gate.
  1139 | D:4      | Found a runed translucent gate.
  1157 | D:4      | Found a runed translucent gate.
  1158 | D:4      | Noticed yogakurto's ghost (amateur GnAM)
  1161 | D:4      | Identified the +1 chain mail "Velil Sufis" {SInv}
  1161 | D:4      | Noticed an orc warrior
  1174 | D:4      | Found a blossoming altar of Fedhas.
  1193 | D:4      | Became a worshipper of Fedhas Madash
  2270 | D:3      | Reached * piety under Fedhas
  2532 | D:5      | Entered Level 5 of the Dungeon
  2552 | D:5      | Found Piro's Distillery.
  2593 | D:5      | Found Yrubog's Antique Weapon Emporium.
  2607 | D:5      | Found a transporter.
  2608 | D:5      | Noticed Sigmund
  2614 | D:5      | Found a basalt altar of Yredelemnul.
  2614 | D:5      | Found a glowing silver altar of Zin.
  2614 | D:5      | Found a deep blue altar of Sif Muna.
  2645 | D:5      | Noticed Eustachio
  2662 | D:5      | Killed Eustachio
  2662 | D:5      | Reached skill level 5 in Axes
  2662 | D:5      | Reached XP level 7. HP: 38/62 MP: 6/6
  2805 | D:5      | Found a shadowy altar of Dithmenos.
  2812 | D:5      | Found Numuk's Jewellery Shoppe.
  2839 | D:5      | Found a hazy altar of Hepliaklqana.
  2880 | D:5      | Found a transporter.
  2952 | D:6      | HP: 1/63 [ice beast (5)]
  2994 | D:6      | Slain by an ice beast

Skill      XL: |  1  2  3  4  5  6  7 |
---------------+----------------------+-----
Armour         | 4 5 6 |  6.3
Shields        | 4 5 6 |  6.2
Fighting       | 4 5 6 |  6.2
Axes           | 3 4 5 |  5.6

Action                   |  1- 3 |  4- 6 |  7- 9 || total
-------------------------+-------+-------+-------++-------
Melee: War axe           |    69 |   137 |    43 ||   249
       Headbutt          |    11 |    19 |     8 ||    38
Throw: Stone             |       |     4 |       ||     4
Invok: Fungal Bloom      |       |    12 |     4 ||    16
  Use: Potion            |       |     6 |     3 ||     9
       Scroll            |       |     4 |     8 ||    12
  Eat: Chunk             |       |     1 |       ||     1
       Ration            |       |     2 |       ||     2
Armor: Scale mail        |    42 |    69 |       ||   111
       Leather armour    |       |       |    21 ||    21
Dodge: Dodged            |    23 |    54 |    15 ||    92
Block: Shield            |    37 |   106 |    34 ||   177
